 Dungeon Crawl Stone Soup version 0.24.0-1-gfbc8707122 (webtiles) character file.

Game seed: 15166218024286908580, levelgen mode: deterministic

1156 Mrkan the Grappler (level 8, 0/80 HPs)
             Began as a Troll Monk on Oct 25, 2019.
             Was a Believer of Wu Jian.
             Slain by an orc warrior
             ... wielding a +0 broad axe
              (24 damage)
             ... on level 5 of the Dungeon.
             The game lasted 00:05:41 (3244 turns).

Mrkan the Grappler (Troll Monk)                     Turns: 3244, Time: 00:05:41

Health: 0/80       AC:  7    Str: 20    XL:     8   Next: 16%
Magic:  7/7        EV: 10    Int:  7    God:    Wu Jian [**....]
Gold:   230        SH:  0    Dex: 13    Spells: 7/7 levels left

rFire    . . .     SeeInvis .     - Unarmed
rCold    . . .     Gourm    +   (no shield)
rNeg     . . .     Faith    .   a - +0 robe
rPois    .         Spirit   .   (helmet restricted)
rElec    .         Reflect  .   r - +0 cloak
rCorr    .         Harm     .   (gloves unavailable)
MR       .....                  (boots unavailable)
Stlth    ++........             (no amulet)
HPRegen  0.63/turn              (no ring)
MPRegen  0.10/turn              (no ring)

@: flying, slowed, very slow
A: large, unfitting armour, claws 3, fast metabolism 3, gourmand, regeneration
1, shaggy fur 1, tough skin 3
a: Wall Jump, Renounce Religion


You were on level 5 of the Dungeon.
You worshipped Wu Jian.
Wu Jian was pleased with you.
You were not hungry.

You visited 1 branch of the dungeon, and saw 5 of its levels.

You collected 230 gold pieces.

Inventory:

Missiles
 m - 3 boomerangs (quivered)
 v - 89 stones
Armour
 a - a +0 robe (worn)
 r - a +0 cloak (worn)
Jewellery
 l - an uncursed amulet of the gourmand {unknown}
 x - an uncursed ring of protection from cold {unknown}
 y - a +3 ring of evasion {unknown}
Scrolls
 c - a scroll of blinking {unknown}
 e - a scroll of fog {unknown}
 f - 5 scrolls of teleportation {unknown}
 i - 8 scrolls of identify {unknown}
 n - 2 scrolls of remove curse {unknown}
 p - 4 scrolls of magic mapping {unknown}
 q - a scroll of immolation {unknown}
 t - 2 scrolls of amnesia {unknown}
 u - a scroll of fear {unknown}
 w - a scroll of random uselessness {unknown}
 A - a scroll of noise {unknown}
Potions
 d - 2 potions of degeneration {unknown}
 g - 2 potions of flight
 h - a potion of might {unknown}
 j - a potion of haste {unknown}
 k - a potion of magic
 o - 2 potions of lignification {unknown}
 s - 2 potions of brilliance {unknown}
 z - a potion of cancellation {unknown}
 B - a potion of agility {unknown}
 C - a potion of resistance {unknown}
Comestibles
 b - 13 rations


   Skills:
 + Level 5.2 Fighting
 - Level 2.4 Dodging
 - Level 1.0 Stealth
 * Level 8.5 Unarmed Combat


You had 7 spell levels left.
You didn't know any spells.
Your spell library was empty.

Dungeon Overview and Level Annotations

Branches:
Dungeon (5/15)
 Temple: D:4-7

Altars:
Wu Jian
Zin

Annotations:
D:5 Menkaure


Innate Abilities, Weirdness & Mutations

You are too large for most types of armour.
You have claws for hands.
Your metabolism is lightning-fast.
You like to eat raw meat.
Your natural rate of healing is unusually fast.
You are covered in fur. (AC +1)
You have extremely tough skin. (AC +3)


Message History

The orc wizard is heavily wounded.
The orc wizard hits you but does no damage.
You miss the orc wizard. Your claw misses the orc wizard.
The orc wizard is heavily wounded.
The orc wizard points at you and mumbles some strange words.
You feel yourself slow down.
You claw the orc wizard!
You kill the orc wizard!
The Council accepts your kill.
Menkaure calls on the powers of darkness!
The orc warrior convulses!
Your body is wracked with pain!
* * * LOW HITPOINT WARNING * * *
The orc wizard convulses!
It was a potion of flight.
You feel very buoyant.
You fly up into the air.
It was a potion of magic.
Magic courses through your body. The orc warrior misses you.
The orc warrior hits you with a +0 broad axe!!
You die...

### #### #.. #....
########### #.#
#.....####.........###.#
#....oo@.).#####.#......
#....M###### ##...####.#
#.... #.....# #.# ###.
##...## #.# # ##.## #..
#.# ### #####.# #
#....+## # #.###..##


You could see an orc warrior, Menkaure and an orc wizard.

Vanquished Creatures
  Pikel (D:4)
  Sigmund (D:4)
  A slave (D:4)
  A scorpion (D:4)
  A centaur zombie (D:5)
  4 orc wizards
  Crazy Yiuf (D:2)
  2 bullfrog skeletons (D:5)
  An orc priest (D:3)
  2 iguanas (D:5)
  6 gnolls (D:3)
  4 adders
  2 worms (D:2)
  2 dart slugs (D:1)
  2 leopard geckos (D:2)
  7 orcs
  3 giant cockroaches
  7 goblins
  9 hobgoblins
  11 jackals
  10 kobolds
  2 quokkas (D:2)
  2 ball pythons
  11 bats
  2 frilled lizards
  A leopard gecko skeleton (D:5)
  A quokka zombie (D:5)
  7 rats
104 creatures vanquished.

Notes
Turn   | Place    | Note
-------+----------+-------------------------------------------
     0 | D:1      | Mrkan the Troll Monk began the quest for the Orb.
     0 | D:1      | Reached XP level 1. HP: 22/22 MP: 0/0
    90 | D:1      | Reached XP level 2. HP: 29/29 MP: 1/1
   485 | D:1      | Reached XP level 3. HP: 31/36 MP: 2/2
   692 | D:2      | Reached skill level 4 in Unarmed Combat
   719 | D:2      | Found a faded altar of an unknown god.
   806 | D:2      | Reached XP level 4. HP: 39/45 MP: 3/3
  1144 | D:2      | Found a runed translucent door.
  1145 | D:2      | Noticed Crazy Yiuf
  1152 | D:2      | Killed Crazy Yiuf
  1368 | D:3      | Reached skill level 5 in Unarmed Combat
  1368 | D:3      | Reached XP level 5. HP: 40/53 MP: 4/4
  1587 | D:3      | Reached XP level 6. HP: 34/62 MP: 5/5
  2220 | D:4      | Found an ornate altar of the Wu Jian Council.
  2239 | D:4      | Became a worshipper of the Wu Jian Council
  2239 | D:4      | Reached * piety under Wu Jian
  2239 | D:4      | Reached ** piety under Wu Jian
  2328 | D:4      | Noticed Pikel
  2328 | D:4      | Noticed a slave
  2328 | D:4      | Noticed a slave
  2328 | D:4      | Noticed a slave
  2329 | D:4      | Noticed a slave
  2336 | D:4      | Killed a slave
  2344 | D:4      | Killed Pikel
  2344 | D:4      | Reached skill level 7 in Unarmed Combat
  2344 | D:4      | Reached XP level 7. HP: 45/71 MP: 6/6
  2490 | D:4      | Noticed Sigmund
  2509 | D:4      | Killed Sigmund
  2591 | D:4      | Reached skill level 8 in Unarmed Combat
  2648 | D:4      | Found a glowing silver altar of Zin.
  2693 | D:4      | Reached skill level 5 in Fighting
  2861 | D:5      | Entered Level 5 of the Dungeon
  2917 | D:5      | Reached XP level 8. HP: 66/80 MP: 7/7
  3238 | D:5      | Noticed Menkaure
  3244 | D:5      | Slain by an orc warrior

Levels and vault maps discovered:
D:1:      scummos_arrival_gate, layout_basic
D:2:      layout_rooms, chequers_ecumenical_altar_simple_redux,
          minmay_quantized, uniq_crazy_yiuf_cottage
D:3:      layout_basic, first_ration
D:4:      layout_basic, lemuel_doored_altar, zin_scriptorium, uniq_pikel,
          uniq_sigmund
D:5:      layout_loops_corners, hangedman_minor_gate_pass, uniq_menkaure

Skill      XL: |  1  2  3  4  5  6  7 |
---------------+----------------------+-----
Unarmed Combat | 4 5 7 8 |  8.5
Fighting       | 3 4 5 |  5.2
Dodging        | |  2.4
Stealth        | |  1.0

Action                   |  1- 3 |  4- 6 |  7- 9 || total
-------------------------+-------+-------+-------++-------
Melee: Unarmed           |   109 |   121 |    50 ||   280
       Punch             |       |     4 |     3 ||     7
Invok: Lunge             |       |       |     5 ||     5
       Whirlwind         |       |       |     2 ||     2
  Use: Potion            |       |       |     2 ||     2
 Stab: Sleeping          |     2 |     2 |     1 ||     5
  Eat: Chunk             |    12 |    10 |     6 ||    28
Armor: Robe              |    43 |    38 |    11 ||    92
Dodge: Dodged            |    69 |    54 |    13 ||   136
